AoeStats
← Enishi

Arabia

509254250Analyzed
1v1 RM · 6d ago on Sep 26, 2026· 47m 38s· 2 players
Game mode
Random Map
Map size
Tiny (2 player)
Population
200
Speed
Normal
Resources
Standard
Victory
Conquest
Starting age
Dark Age
Ending age
Imperial Age
RankedLock teamsTeams togetherTeam positionsShared explorationLock speedFull tech treeHidden civsTurbo modeCheats
Victory
Defeat
🇲🇽 Mongols · Mexico
848
+17
🇦🇷 Teutons · Argentina
866
-17
Angelheredia997
10:36 Feudal Age
12:21 Double-Bit Axe
18:25 Horse Collar
22:46 Castle Age
21:39 Gold Mining
22:01 Scale Barding Armor
21:47 Fletching
21:57 Padded Archer Armor
23:17 Bloodlines
23:27 Stone Mining
24:01 Bow Saw
23:31 Crossbowman
25:56 Wheelbarrow
27:45 Stone Shaft Mining
28:39 Hand Cart
29:55 Leather Archer Armor
29:35 Bodkin Arrow
29:48 Light Cavalry
32:00 Heavy Plow
36:58 Imperial Age
35:23 Chain Barding Armor
35:50 Gold Shaft Mining
35:32 Murder Holes
35:58 Ballistics
36:23 Husbandry
39:10 Chemistry
38:50 Loom
38:50 Town Watch
39:28 Forging
39:18 Scale Mail Armor
41:20 Parthian Tactics
42:57 Heavy Scorpion
43:59 Drill
Enishi
1:18 Loom
1:58 Loom
11:36 Feudal Age
12:12 Double-Bit Axe
12:59 Horse Collar
18:29 Gold Mining
23:13 Castle Age
21:35 Stone Mining
24:19 Bow Saw
24:43 Heavy Plow
24:06 Crossbowman
24:08 Pikeman
24:49 Squires
27:28 Forging
27:19 Scale Mail Armor
27:10 Fletching
29:58 Stone Shaft Mining
30:03 Wheelbarrow
29:52 Bodkin Arrow
30:33 Iron Casting
31:23 Hand Cart
32:29 Elite Skirmisher
34:41 Arson
34:47 Town Watch
35:47 Scale Barding Armor
35:58 Chain Mail Armor
39:09 Imperial Age
37:36 Gambesons
38:05 Bloodlines
38:29 Town Patrol
39:00 Chain Barding Armor
39:11 Capped Ram
41:01 Blast Furnace
41:13 Elite Teutonic Knight
42:15 Conscription
42:41 Halberdier
44:15 Crop Rotation
44:55 Two-Man Saw
44:48 Ballistics
45:29 Chemistry
44:34 Cavalier
48:20 Crenellations
Connection lost

Rejoining the realm…

Still unreachable

The connection could not be restored.

Session expired

The server has moved on; the page needs a fresh start.